 Dungeon Crawl Stone Soup version 0.26.1-11-gd32895ea62 (webtiles) character file.

Game seed: 9730624203580826916

810 boopmooplesden the Cruncher (level 7, -12/60 HPs)
             Began as a Minotaur Gladiator on July 4, 2021.
             Killed by divine providence
             ... invoked by an orc priest
              (15 damage)
             ... on level 6 of the Dungeon.
             The game lasted 00:08:10 (5616 turns).

boopmooplesden the Cruncher (Minotaur Gladiator)    Turns: 5616, Time: 00:08:11

Health: -12/60     AC:  6    Str: 20    XL:     7   Next: 61%
Magic:  6/6        EV: 14    Int:  5    God:
Gold:   327        SH:  0    Dex: 12    Spells: 6/6 levels left

rFire    . . .     SeeInvis .   a - +0 quarterstaff
rCold    + . .     Faith    .   (shield currently unavailable)
rNeg     . . .     Spirit   .   e - +2 robe {rC+}
rPois    .         Reflect  .   c - +0 hat
rElec    .         Harm     .   r - +1 cloak
rCorr    .         Rampage  .   (no gloves)
Will     .....                  (no boots)
Stlth    +++.......             (no amulet)
HPRegen  0.20/turn              l - ring of stealth
MPRegen  0.10/turn              (no ring)

@: no status effects
A: retaliatory headbutt, horns 2
a: no special abilities


You were on level 6 of the Dungeon.
You visited 2 branches of the dungeon, and saw 7 of its levels.

You collected 327 gold pieces.

Inventory:

Hand Weapons
 a - a +0 quarterstaff (weapon)
Missiles
 d - 3 throwing nets (quivered)
 t - 5 javelins
Armour
 b - a +0 leather armour
 c - a +0 hat (worn)
 e - a +2 robe of cold resistance (worn)
 r - a +1 cloak (worn)
 u - a cursed -1 ring mail
Jewellery
 g - an uncursed ring of stealth
 l - a ring of stealth (left hand)
 A - an uncursed ring of protection from fire {unknown}
Wands
 y - a wand of iceblast (7)
Scrolls
 h - 6 scrolls of identify
 i - 2 scrolls of enchant weapon {unknown}
 m - 2 scrolls of magic mapping {unknown}
 o - 3 scrolls of fear {unknown}
 p - 3 scrolls of remove curse {unknown}
 q - 3 scrolls of teleportation {unknown}
 s - a scroll of immolation {unknown}
 w - 2 scrolls of fog {unknown}
Potions
 f - 2 potions of cancellation {unknown}
 j - a potion of degeneration {unknown}
 k - 2 potions of curing {unknown}
 n - a potion of heal wounds {unknown}
 v - 2 potions of lignification {unknown}
 x - a potion of mutation {unknown}
 z - a potion of berserk rage {unknown}


   Skills:
 + Level 4.5 Fighting
 + Level 8.0 Staves
 + Level 2.1 Throwing
 + Level 2.1 Armour
 + Level 4.8 Dodging
 + Level 2.8 Stealth


You had 6 spell levels left.
You didn't know any spells.
Your spell library was empty.

Dungeon Overview and Level Annotations

Branches:
Dungeon (6/15)             Temple (1/1) D:5

Altars:
Ashenzari
Cheibriados
Dithmenos
Fedhas
Gozag
Kikubaaqudgha
Makhleb
Qazlal
Ru
Sif Muna
Uskayaw
Vehumet
Wu Jian
Xom
Yredelemnul
Zin
The Shining One


Innate Abilities, Weirdness & Mutations

You reflexively headbutt those who attack you in melee.
You have a pair of horns on your head.


Message History

Found a stone staircase leading up.
You hit the orc priest. Your headbutt misses the orc priest.
The orc priest is severely wounded.
The centaur hits you.
The orc priest mumbles some strange prayers to Beogh against you.
Pain shoots through your body!
* * * LOW HITPOINT WARNING * * *
The orc misses you.
The orc priest calls down the wrath of Beogh upon you.
You struggle to resist.
You hit the orc priest.
The orc priest is almost dead.
The centaur hits you but does no damage.
The orc priest calls down the wrath of Beogh upon you.
Beogh smites you!
* * * LOW HITPOINT WARNING * * *
The orc barely misses you. The centaur misses you.
The orc priest mumbles some strange prayers to Beogh against you.
Beogh smites you!
You die...

#. #........#
#.###.....####
#.........#
#.........#
#.......###
##......#
#......#
#o.....#
#.@c...#
..<..o.o....#
##..........#
#...........#
#...........#
#:...<.######
#......
#......


You could see a centaur, 2 orc priests and an orc.

Vanquished Creatures
  An ogre (D:5)
  A phantom (D:5)
  An ice beast (D:5)
  A howler monkey (D:4)
  A quasit (D:5)
  A bullfrog skeleton (D:5)
  An orc priest (D:3)
  A centaur skeleton (D:5)
  3 orc wizards
  4 worker ants
  6 adders
  A gnoll (D:1)
  A shadow imp (D:5)
  An ufetubus (D:5)
  An ooze (D:3)
  2 adder zombies (D:5)
  An adder skeleton (D:5)
  4 dart slugs (D:1)
  3 worms
  4 leopard geckos
  16 orcs
  3 bats
  5 giant cockroaches
  7 goblins
  11 hobgoblins
  12 jackals
  A quokka (D:2)
  3 ball pythons
  6 frilled lizards
  4 kobolds
  A quokka skeleton (D:4)
  10 rats
118 creatures vanquished.

Notes
Turn   | Place    | Note
-------+----------+-------------------------------------------
     0 | D:1      | boopmooplesden the Minotaur Gladiator began the quest for
                  | the Orb.
     0 | D:1      | Reached XP level 1. HP: 18/18 MP: 0/0
    84 | D:1      | Reached skill level 4 in Staves
    90 | D:1      | Reached XP level 2. HP: 7/25 MP: 1/1
   456 | D:1      | You fall into a shaft and drop 1 floor!
   680 | D:1      | Reached skill level 1 in Armour
   681 | D:1      | Reached XP level 3. HP: 25/30 MP: 2/2
  1317 | D:2      | Found a sacrificial altar of Ru.
  1638 | D:2      | Reached XP level 4. HP: 37/37 MP: 3/3
  1663 | D:2      | Found a shimmering altar of Xom.
  2348 | D:3      | Reached skill level 5 in Staves
  2538 | D:3      | Reached XP level 5. HP: 38/45 MP: 4/4
  2657 | D:3      | Reached skill level 1 in Stealth
  3212 | D:4      | Noticed a balrug
  3213 | D:4      | Found a burning altar of Makhleb.
  3216 | D:4      | Found a glowing silver altar of Zin.
  3217 | D:4      | Noticed an angel
  3228 | D:4      | Reached skill level 6 in Staves
  3891 | D:4      | Found an ornate altar of the Wu Jian Council.
  3943 | D:4      | Reached XP level 6. HP: 44/51 MP: 5/5
  3994 | D:4      | Found a basalt altar of Yredelemnul.
  3997 | D:4      | Found a glowing golden altar of the Shining One.
  3999 | D:4      | Noticed an angel
  4096 | D:4      | Noticed a profane servitor
  4275 | D:5      | Entered Level 5 of the Dungeon
  4422 | D:5      | Reached skill level 7 in Staves
  4565 | D:5      | Reached XP level 7. HP: 39/59 MP: 6/6
  4792 | D:5      | Found a staircase to the Ecumenical Temple.
  4796 | Temple   | Entered the Ecumenical Temple
  4882 | D:5      | Found an ancient bone altar of Kikubaaqudgha.
  5313 | D:5      | Reached skill level 8 in Staves
  5616 | D:6      | HP: 3/60 [orc priest/divine providence (14)]
  5616 | D:6      | Killed from afar by an orc priest

Illustrated notes

Levels and vault maps discovered:
D:1:      dpeg_arrival_shelter, layout_loops_ring, minmay_hexomino_c4
D:2:      layout_basic, lemuel_round_altar, lemuel_doored_altar,
          minmay_misc_feat_pillars, minmay_tree_intersection
D:3:      layout_basic
D:4:      layout_layer_cave, grunt_temple_overflow_holy_war,
          grunt_temple_overflow_order_and_chaos_2, nzn_wu_jian_contemplation
D:5:      layout_cave_pods, minmay_temple_entry_glassed_door, basic_altar
D:6:      layout_basic
Temple:   chequers_temple_sunken

Skill      XL: |  1  2  3  4  5  6  7 |
---------------+----------------------+-----
Staves         | 4 5 6 7 8 |  8.0
Armour         | 1 2 |  2.1
Fighting       | 3 4 |  4.5
Stealth        | 1 2 |  2.8
Dodging        | 4 |  4.8
Throwing       | |  2.1

Action                   |  1- 3 |  4- 6 |  7- 9 || total
-------------------------+-------+-------+-------++-------
Melee: Quarterstaff      |    79 |   119 |    44 ||   242
       Headbutt          |     8 |    16 |     8 ||    32
  Use: Scroll            |     1 |       |       ||     1
 Stab: Sleeping          |       |     4 |     2 ||     6
       Distracted        |       |     1 |       ||     1
Armor: Leather armour    |    13 |       |       ||    13
       Robe              |     4 |    26 |    15 ||    45
Dodge: Dodged            |    66 |    96 |    43 ||   205
